 Dungeon Crawl Stone Soup version 0.19-a0-811-gf4045fb (webtiles) character file.

42 JeffiDaFish the Ducker (level 3, 0/36 HPs)
             Began as a Troll Fighter on June 27, 2016.
             Succumbed to an adder's poison
             ... on level 2 of the Dungeon.
             The game lasted 00:06:06 (952 turns).

JeffiDaFish the Ducker (Troll Fighter)               Turns: 952, Time: 00:06:07

Health: 0/36       AC:  5    Str: 25    XL:     3   Next: 35%
Magic:  2/2        EV:  8    Int:  4    God:
Gold:   176        SH:  9    Dex:  9    Spells: 0 memorised, 2 levels left

rFire  . . .     SeeInvis .     a - +0 flail
rCold  . . .     Gourm    +     b - +0 robe
rNeg   . . .     Faith    .     c - +0 shield
rPois  .         Spirit   .     (helmet restricted)
rElec  .         Dismiss  .     (no cloak)
rCorr  .         Reflect  .     (gloves unavailable)
SustAt .         Harm     .     (boots unavailable)
MR     .....                    (no amulet)
Stlth  +.........               (no ring)
                                (no ring)

@: lethally poisoned (0 -> -4), not resistant to hostile enchantments, very
unstealthy
A: unfitting armour, claws 3, fast metabolism 3, gourmand, regeneration 2,
shaggy fur 1, tough skin 2
a: no special abilities


You were on level 2 of the Dungeon.
You were very hungry.

You visited 1 branch of the dungeon, and saw 2 of its levels.

You collected 176 gold pieces.

Inventory:

Hand Weapons
 a - a +0 flail (weapon)
 h - a +0 hunting sling
Missiles
 e - 38 stones (quivered)
 l - 24 arrows
 o - 19 sling bullets
Armour
 b - a +0 robe (worn)
 c - a +0 shield (worn)
 n - a +0 scale mail
Scrolls
 i - a scroll of teleportation {unknown}
 k - 3 scrolls of enchant armour {unknown}
 m - a scroll of amnesia {unknown}
Potions
 d - a potion of might
 g - a potion of curing {unknown}
 j - a potion of brilliance {unknown}
 p - a potion of cancellation {unknown}
 q - 3 potions of flight {unknown}
 s - 3 potions of magic {unknown}
Comestibles
 f - 2 bread rations


   Skills:
 + Level 2.6 Fighting
 + Level 1.8 Maces & Flails
 + Level 3.0 Dodging
 + Level 2.9 Shields


You had 2 spell levels left.
You didn't know any spells.

Dungeon Overview and Level Annotations

Branches:
Dungeon (2/15)

Altars:


Innate Abilities, Weirdness & Mutations

You are too large for most types of armour.
You have claws for hands.
Your metabolism is lightning-fast.
You like to eat raw meat.
You heal very quickly.
You are covered in fur. (AC +1)
You have very tough skin. (AC +2)


Message History

* * * LOW HITPOINT WARNING * * *
You miss the adder. The adder bites you.
* * * LOW HITPOINT WARNING * * *
You are more poisoned.
The adder poisons you! The adder completely misses you.
You hit the adder.
The adder is heavily wounded.
You feel sick. The adder completely misses you. You block the adder's attack.
You barely miss the adder.
The adder is heavily wounded.
You feel sick. The adder barely misses you. The adder closely misses you.
You barely miss the adder.
The adder is heavily wounded.
You feel sick. The adder bites you.
* * * LOW HITPOINT WARNING * * *
You are more poisoned.
The adder poisons you!
You miss the adder.
The adder is heavily wounded.
You die...

#.. #.. # ..# .## ..K.
#.$. #.#(# ...# #.
#.## #... #
#.###.###.. #
#.S@...#.######## #
#########.#.......# #
#...[...#.#.......## #
#.#####.#.#........###
####.#.#.........## #
#......#........# #
#.##.##.###.......#
#.......###.......#
####.#####........#


You could see an adder.

Vanquished Creatures
  2 adders (D:2)
  A worm (D:2)
  2 giant geckos
  4 bats (D:1)
  A giant cockroach (D:1)
  2 goblins (D:1)
  2 hobgoblins (D:1)
  3 kobolds
  4 rats
21 creatures vanquished.

Notes
Turn   | Place    | Note
--------------------------------------------------------------
     0 | D:1      | JeffiDaFish the Troll Fighter began the quest for the Orb.
     0 | D:1      | Reached XP level 1. HP: 22/22 MP: 0/0
   168 | D:1      | Reached XP level 2. HP: 29/29 MP: 1/1
   743 | D:2      | Reached XP level 3. HP: 35/36 MP: 2/2
   942 | D:2      | Reached skill level 3 in Dodging
   951 | D:2      | HP: 1/36 [adder (2)]
   952 | D:2      | Succumbed to an adder's poison

Vault maps used:
D:1:      mrwooster_arrival_arrow, minmay_distorted
D:2:      minmay_rat_gold_closets

Skill      XL: |  1  2  3 |
---------------+----------+-----
Dodging        | 3 |  3.0
Fighting       | |  2.6
Maces & Flails | |  1.8
Shields        | |  2.9

Action                   || total
-------------------------++-------
Melee: Flail             ||    78
Throw: Stone             ||     2
  Eat: Chunk             ||     5
Armor: Robe              ||    58
Dodge: Dodged            ||    56
Block: Shield            ||    67
